 Dungeon Crawl Stone Soup version 0.16.1 (webtiles) character file.

126 SKei0 the Ruffian (level 4, 0/39 HPs)
             Began as a Minotaur Monk on Mar 23, 2015.
             Slain by an adder (3 damage)
             ... on level 2 of the Dungeon.
             The game lasted 00:04:43 (2261 turns).

SKei0 the Ruffian (Minotaur Monk)                   Turns: 2261, Time: 00:04:44

Health: 0/39       AC:  2    Str: 15    XL:     4   Next: 84%
Magic:  2/2        EV: 13    Int:  7    God:
Gold:   59         SH:  0    Dex: 14    Spells: 0 memorised, 3 levels left

rFire  . . .     SeeInvis .       - Unarmed
rCold  + . .     Clarity  .     a - +0 robe
rNeg   . . .     SustAb   .     (no shield)
rPois  .         Gourm    .     (helmet restricted)
rElec  .         Spirit   .     (no cloak)
rCorr  .         Warding  .     (no gloves)
rMut   .         Stasis   .     (no boots)
MR     .....                    (no amulet)
Stlth  ++........               (no ring)
                                i - ring of protection from cold

@: not resistant to hostile enchantments, unstealthy
A: retaliatory headbutt, horns 2
a: no special abilities


You were on level 2 of the Dungeon.
You were very hungry.

You visited 1 branch of the dungeon, and saw 2 of its levels.

You collected 59 gold pieces.

Inventory:

Armour
 a - a +0 robe (worn)
Jewellery
 i - a ring of protection from cold (left hand)
Scrolls
 f - 2 scrolls of remove curse {unknown}
 h - a scroll of magic mapping {unknown}
 j - a scroll of enchant weapon {unknown}
 l - a scroll of amnesia {unknown}
 m - 2 scrolls of identify {unknown}
Potions
 c - a potion of brilliance {unknown}
 e - a potion of heal wounds {unknown}
 g - a potion of cure mutation {unknown}
 k - a potion of curing {unknown}
 o - a potion of agility {unknown}
 p - a potion of resistance {unknown}
Comestibles
 b - 2 bread rations
 d - 5 fruits
 n - a meat ration


   Skills:
 - Level 3.6 Fighting
 - Level 3.2 Dodging
 - Level 1.5 Stealth
 + Level 6.8 Unarmed Combat


You had 3 spell levels left.
You didn't know any spells.

Dungeon Overview and Level Annotations

Branches:
Dungeon (2/15)

Altars:
Qazlal


Innate Abilities, Weirdness & Mutations

You reflexively headbutt those who attack you in melee.
You have a pair of horns on your head.


Message History

The gnoll hits you with a whip.
The gnoll hits you from afar with a spear!
You closely miss the gnoll.
The gnoll is moderately wounded.
The gnoll closely misses you.
You hit the gnoll.
The gnoll is severely wounded.
The gnoll hits you from afar with a spear!
* * * LOW HITPOINT WARNING * * *
You are too injured to fight recklessly!
The gnoll misses you. x2
An adder comes into view.
You completely miss the adder. The gnoll barely misses you.
The adder bites you.
* * * LOW HITPOINT WARNING * * *
The gnoll barely misses you. The adder bites you.
* * * LOW HITPOINT WARNING * * *
The gnoll misses you. The adder bites you.
You die...

..#.# #....#.#....#
.....
#####....#.##..##
..#. .........#.....#
..# ###.....#####.#
..# #.............#
..# #.##........###
..# #.##........# ..#
#.######....# ..# #.#
#@...# ..#
#####.######.S..# ###
#..........#.g..#
#..........#.g..#
#..........#.g..#
#....†.....#....#####
#..........##.......#
#####.##............#
#.##............#


You could see 3 gnolls and an adder.

Vanquished Creatures
  A scorpion (D:2)
  2 adders (D:2)
  2 gnolls (D:2)
  A worm (D:2)
  An ooze (D:2)
  A ball python (D:1)
  A giant cockroach (D:1)
  5 goblins
  5 hobgoblins
  4 jackals (D:2)
  3 bats (D:1)
  2 giant geckos (D:1)
  3 giant newts
  3 kobolds
34 creatures vanquished.

Notes
Turn   | Place    | Note
--------------------------------------------------------------
     0 | D:1      | SKei0, the Minotaur Monk, began the quest for the Orb.
     0 | D:1      | Reached XP level 1. HP: 19/19 MP: 1/1
   254 | D:1      | Reached XP level 2. HP: 24/26 MP: 1/1
   340 | D:1      | Reached skill level 5 in Unarmed Combat
   926 | D:2      | Reached XP level 3. HP: 20/31 MP: 2/2
  1690 | D:2      | Noticed a scorpion
  1698 | D:2      | Killed a scorpion
  1698 | D:2      | Reached skill level 6 in Unarmed Combat
  1698 | D:2      | Reached XP level 4. HP: 8/39 MP: 2/2
  2213 | D:2      | Found a stormy altar of Qazlal.
  2261 | D:2      | Slain by an adder

Action                   |  1- 3 |  4- 6 || total
-------------------------+-------+-------++-------
Melee: Unarmed           |    92 |    17 ||   109
 Stab: Sleeping          |     3 |       ||     3
       Distracted        |     1 |       ||     1
  Eat: Chunk             |     2 |     1 ||     3
